 Dungeon Crawl Stone Soup version 0.16.1-17-g773cdaf (webtiles) character file.

27248 tesudzi the Frost Mage (level 13, -7/92 HPs)
             Began as an Octopode Ice Elementalist on Apr 22, 2015.
             Was a Priest of Fedhas.
             Mangled by a skeletal warrior
             ... wielding a +0 trident
              (18 damage)
             ... on level 10 of the Dungeon.
             The game lasted 01:13:37 (13257 turns).

tesudzi the Frost Mage (Octopode Ice Elementalist) Turns: 13257, Time: 01:13:37

Health: -7/92      AC: 17    Str: 11    XL:     13   Next: 31%
Magic:  18/23      EV: 21    Int: 23    God:    Fedhas [***...]
Gold:   631        SH:  9    Dex: 17    Spells: 3 memorised, 8 levels left

rFire  . . .     SeeInvis +     r - +3 dire flail (protect)
rCold  + . .     Clarity  .     (no shield)
rNeg   + . .     SustAb   +     (helmet restricted)
rPois  .         Gourm    .     l - amulet of resist corrosion
rElec  .         Spirit   .     o - ring of see invisible
rCorr  +         Warding  .     y - +4 ring of strength
rMut   .         Stasis   .     H - ring of sustain abilities
MR     .....                    Q - ring of wizardry
Stlth  +++++.....               T - +3 ring of evasion
                                V - ring of positive energy
                                x - ring of ice
                                f - ring "Xoxijar" {Contam rF+ Int+5}

@: icy armour, icy shield, not resistant to hostile enchantments, quite stealthy
A: almost no armour, amphibious, 8 rings, constrict 8, yellow scales 1,
camouflage 1, blurry vision 1, deformed body, gelatinous body 1
a: Evolution, Sunlight, Growth, Renounce Religion


You were on level 10 of the Dungeon.
You worshipped Fedhas.
Fedhas was most pleased with you.
You were not hungry.

You visited 2 branches of the dungeon, and saw 11 of its levels.

You collected 631 gold pieces.

Inventory:

Hand weapons
 k - a +2 antimagic halberd
 r - a +3 dire flail of protection (weapon)
 E - a +0 blowgun
 K - a +0 halberd of freezing
 M - the +6 morningstar of Death {crush, MR++}
   (You found it on level 7 of the Dungeon)

   It inflicts extra damage upon your enemies.
   It affects your resistance to hostile enchantments.
 O - a +1 glaive
 S - a +1 flail of protection
Missiles
 g - 4 stones (quivered)
 w - 38 poisoned needles
Armour
 v - a +0 buckler
 N - a +0 shield
Jewellery
 f - the ring "Xoxijar" (on tentacle) {Contam rF+ Int+5}
   (You acquired it on level 10 of the Dungeon)

   [ring of protection from fire]

   It affects your intelligence (+5).
   It protects you from fire.
   It causes magical contamination when unequipped.
 l - an amulet of resist corrosion (around mantle)
 o - a ring of see invisible (left tentacle)
 u - an uncursed ring of teleportation
 x - a ring of ice (on tentacle)
 y - a +4 ring of strength (right tentacle)
 H - a ring of sustain abilities (on tentacle)
 Q - a ring of wizardry (on tentacle)
 T - a +3 ring of evasion (on tentacle)
 V - a ring of positive energy (on tentacle)
Magical devices
 n - a wand of confusion (0)
 p - a wand of invisibility (9)
 q - a wand of slowing (31)
 z - a wand of digging (9)
 C - a wand of digging (1)
 R - a wand of flame (9)
 U - a wand of disintegration (1)
 X - a wand of flame (20)
Scrolls
 a - a scroll of identify
 m - a scroll of enchant armour
 s - 3 scrolls of magic mapping
 t - a scroll of teleportation
 A - a scroll of blinking
 F - 2 scrolls of enchant weapon
Potions
 e - a potion of magic
 D - a potion of restore abilities
Books
 b - a book of Frost

   Spells                             Type                      Level
   a - Freeze                         Ice                          1
   b - Throw Frost                    Conjuration/Ice              2
   c - Ozocubu's Armour               Charms/Ice                   3
   d - Throw Icicle                   Conjuration/Ice              4
   e - Summon Ice Beast               Ice/Summoning                4
   f - Condensation Shield            Ice                          4
Comestibles
 c - 7 bread rations
 d - 9 royal jellies
 h - 8 fruits
 j - 7 meat rations
 G - a slice of pizza


   Skills:
 + Level 9.9 Fighting
 - Level 6.3 Maces & Flails
 - Level 8.0 Dodging
 - Level 6.7 Stealth
 - Level 6.0 Shields
 - Level 2.0 Spellcasting
   Level 1.0 Conjurations
 - Level 5.1 Charms
 + Level 11.9 Ice Magic
 - Level 6.0 Invocations


You had 8 spell levels left.
You knew the following spells:

 Your Spells              Type           Power        Failure   Level  Hunger
a - Freeze                Ice            ####         1%          1    #......
b - Ozocubu's Armour      Chrm/Ice       ######..     1%          3    ###....
c - Condensation Shield   Ice            ######....   1%          4    #####..


Dungeon Overview and Level Annotations

Branches:
Dungeon (10/15)            Temple (1/1) D:4            Lair (0/8) D:10
    Orc: D:9-12

Altars:
Ashenzari
Cheibriados
Dithmenos
Elyvilon
Fedhas
Gozag
Kikubaaqudgha
Makhleb
Nemelex Xobeh
Okawaru
Qazlal
Ru
Sif Muna
Trog
Vehumet
Xom
Yredelemnul
Zin
The Shining One

Shops:
D:6 =

Annotations:
D:9 exclusion: statue


Innate Abilities, Weirdness & Mutations

You cannot wear most types of armour.
You are amphibious.
You can wear up to eight rings at the same time.
You can use your tentacles to constrict many enemies at once.
Your skin changes colour to match your surroundings (Stealth).
Your rubbery body absorbs attacks (AC +1).
You are partially covered in yellow scales (AC +2).
Scrolls take you a little longer to read.
Your body is misshapen.


Message History

You squeeze the skeletal warrior, but do no damage.
The skeletal warrior is moderately damaged.
The skeletal warrior hits you with a trident!!
* * * LOW HITPOINT WARNING * * *
You closely miss the skeletal warrior. You grab the skeletal warrior.
The skeletal warrior is moderately damaged.
You constrict the skeletal warrior, but do no damage.
The skeletal warrior barely misses you.
You hit the skeletal warrior but do no damage.
The skeletal warrior is moderately damaged.
You constrict the skeletal warrior.
The skeletal warrior hits you with a trident!
* * * LOW HITPOINT WARNING * * *
Read which item? (? for menu, Esc to quit)
You constrict the skeletal warrior, but do no damage.
You begin reading the scroll.
You continue reading the scroll.
You constrict the skeletal warrior.
The skeletal warrior hits you with a trident!!
You die...
Fedhas appreciates your contribution to the ecosystem.

.........#..≈≈≈≈.≈≈≈≈≈.≈....z.#.#
.............≈≈≈≈≈≈≈≈≈≈.≈##.#.#.#
......Y......≈≈≈≈≈≈≈≈≈≈≈≈....<...
.....[...#.≈≈≈≈.≈.≈.≈≈≈≈≈.#.#...#
########.#..≈≈≈....≈≈≈≈≈≈.#.#.#..
# #.#.≈≈≈.≈.>.≈≈≈≈≈≈.....#.# #
#.#≈.≈≈......≈≈≈≈≈.....#.# #
#.#..≈≈≈z≈..≈≈≈≈≈≈.....#.# #
#.#..≈≈≈.@..≈≈≈≈≈......#.# ##
#.#...≈≈≈≈...≈≈≈...#...#.# f#
#...≈≈≈≈.≈≈.≈≈...#...#(#
.#######.#..≈≈≈≈≈.≈≈≈..≈..#...#(#
.'.......#..≈≈≈≈≈.≈≈≈≈....#...#..
.#########.≈.≈≈.≈.≈≈≈.≈...#...###
.......# #...≈≈.≈.≈≈≈≈....#..>###
.......# #....≈...≈≈......#.#..).
...f...###................#.#.###


You could see a skeletal warrior.

Vanquished Creatures
  3 skeletal warriors
  Maurice (D:9)
  A troll (D:10)
  A gargoyle (D:10)
  Psyche (D:8)
  2 orc warriors (D:8)
  A wyvern (D:10)
  Grum (D:8)
  A shadow (D:10)
  A hippogriff (D:10)
  5 wolves
  Edmund (D:4)
  A wasp (D:8)
  An ice beast (D:5)
  4 ogres
  3 phantoms
  4 centaurs
  Duvessa (D:5)
  A gnoll sergeant (D:7)
  12 big kobolds
  Blork the orc (D:5)
  5 giant frogs
  15 killer bees
  A wyvern zombie (D:9)
  2 scorpions (D:7)
  The ghost of raikaria the Grasshopper, a weakling DsWr (D:3)
  An electric eel (D:10)
  2 giant frog zombies
  Dowan (D:5)
  12 wights
  5 crimson imps
  A goliath beetle (D:9)
  6 hounds
  7 orc priests
  A gnoll shaman (D:5)
  3 iguanas
  10 worker ants
  5 orc wizards
  Ijyb (D:2)
  A hound zombie (D:5)
  A hound skeleton (D:7)
  Robin (D:2)
  7 adders
  16 gnolls
  2 shadow imps
  A worm (D:4)
  An adder zombie (D:8)
  An adder skeleton (D:7)
  2 oozes
  28 orcs
  19 bats
  A bat skeleton (D:5)
  A bat zombie (D:6)
  7 giant cockroaches
  15 goblins
  14 hobgoblins
  19 jackals
  A ball python (D:4)
  6 giant geckos
  5 giant newts
  26 kobolds
  3 quokkas
  14 rats
318 creatures vanquished.

Vanquished Creatures (collateral kills)
  2 orc warriors
  A hippogriff (D:10)
  An ogre (D:7)
  A sky beast (D:7)
  A spider (D:8)
  A boring beetle (D:8)
  A goliath beetle (D:8)
  An orc priest (D:7)
  A jelly (D:7)
  A worker ant (D:8)
  2 orc wizards (D:7)
  6 orcs
  A jackal (D:7)
  8 kobolds (D:8)
28 creatures vanquished.

Vanquished Creatures (others)
  10 wandering mushrooms
  A hound (D:7)
  129 toadstools
140 creatures vanquished.

Grand Total: 486 creatures vanquished

Notes
Turn   | Place    | Note
--------------------------------------------------------------
     0 | D:1      | tesudzi, the Octopode Ice Elementalist, began the quest for the Orb.
     0 | D:1      | Reached XP level 1. HP: 11/11 MP: 3/3
   407 | D:1      | Reached XP level 2. HP: 1/17 MP: 2/4
  1078 | D:1      | Reached skill level 4 in Ice Magic
  1499 | D:2      | Reached XP level 3. HP: 21/21 MP: 6/6
  1516 | D:2      | Learned a level 3 spell: Ozocubu's Armour
  1649 | D:2      | Noticed Ijyb
  1652 | D:2      | Found a bloodstained altar of Trog.
  1661 | D:2      | Killed Ijyb
  1741 | D:2      | Noticed Robin
  1752 | D:2      | Reached XP level 4. HP: 25/27 MP: 7/7
  1771 | D:2      | Killed Robin
  1772 | D:2      | Reached skill level 5 in Ice Magic
  2138 | D:3      | Found a burning altar of Makhleb.
  2142 | D:3      | Noticed raikaria's ghost (weakling DsWr)
  2177 | D:3      | Killed raikaria's ghost
  2177 | D:3      | Reached XP level 5. HP: 24/31 MP: 2/9
  2220 | D:3      | Reached skill level 5 in Stealth
  2346 | D:3      | Found an ancient bone altar of Kikubaaqudgha.
  2808 | D:4      | Reached XP level 6. HP: 15/36 MP: 10/10
  3097 | D:4      | Reached skill level 6 in Stealth
  3103 | D:4      | Found a staircase to the Ecumenical Temple.
  3163 | D:4      | Noticed Edmund
  3181 | D:4      | Killed Edmund
  3181 | D:4      | Reached XP level 7. HP: 37/41 MP: 4/12
  3291 | D:4      | Reached skill level 5 in Dodging
  3309 | D:5      | Entered Level 5 of the Dungeon
  3677 | D:4      | Noticed a phantom
  3916 | D:4      | Killed a phantom
  3974 | Temple   | Entered the Ecumenical Temple
  3995 | Temple   | Became a worshipper of Fedhas Madash
  4254 | D:5      | Noticed Blork the orc
  4279 | D:5      | Killed Blork the orc
  4279 | D:5      | Reached XP level 8. HP: 38/46 MP: 11/13
  4556 | D:5      | Reached skill level 1 in Maces & Flails
  4888 | D:5      | Noticed Duvessa
  4891 | D:5      | Found a shadowy altar of Dithmenos.
  4906 | D:5      | Noticed Dowan
  4910 | D:5      | Killed Duvessa
  4910 | D:5      | Reached skill level 7 in Ice Magic
  4921 | D:5      | Killed Dowan
  5160 | D:5      | Acquired Fedhas' first power
  5355 | D:6      | Found Gry Skacs' Jewellery Boutique.
  5404 | D:6      | Reached skill level 8 in Ice Magic
  5471 | D:6      | Reached skill level 1 in Charms
  5709 | D:6      | Found an opulent altar of Gozag.
  5745 | D:6      | Reached XP level 9. HP: 38/51 MP: 11/14
  5937 | D:6      | Acquired Fedhas' second power
  6223 | D:7      | Reached skill level 5 in Charms
  7017 | D:7      | Reached skill level 9 in Ice Magic
  7286 | D:7      | Reached skill level 1 in Invocations
  7696 | D:7      | Found a glowing golden altar of the Shining One.
  7696 | D:7      | Found a glowing silver altar of Zin.
  7696 | D:7      | Found a white marble altar of Elyvilon.
  7705 | D:7      | Got a dazzling morningstar
  7706 | D:7      | Identified the +6 morningstar of Death {crush, MR++} (You found it on level 7 of the Dungeon)
  7901 | D:7      | Found a stormy altar of Qazlal.
  7938 | D:8      | Found a shimmering altar of Xom.
  7952 | D:8      | Noticed Grum
  7964 | D:8      | Reached skill level 1 in Shields
  8010 | D:8      | Killed Grum
  8010 | D:8      | Reached XP level 10. HP: 37/56 MP: 13/16
  8072 | D:8      | Reached skill level 10 in Ice Magic
  8081 | D:8      | Noticed Psyche
  8086 | D:8      | Killed Psyche
  8618 | D:8      | Reached skill level 5 in Shields
  9532 | D:8      | Reached skill level 1 in Fighting
  9711 | D:8      | Acquired Fedhas' third power
 10093 | D:9      | Noticed Maurice
 10112 | D:9      | Killed Maurice
 10290 | D:9      | Gained mutation: Your body is misshapen. [potion of mutation]
 10290 | D:9      | Gained mutation: You are partially covered in yellow scales (AC +2). [potion of mutation]
 10290 | D:9      | Gained mutation: Scrolls take you a little longer to read. [potion of mutation]
 10529 | D:9      | Learned a level 4 spell: Condensation Shield
 10555 | D:9      | Reached skill level 5 in Fighting
 10652 | D:9      | Found a radiant altar of Vehumet.
 10674 | D:9      | Found a stormy altar of Qazlal.
 10677 | D:9      | Found a snail-covered altar of Cheibriados.
 10680 | D:9      | Found a basalt altar of Yredelemnul.
 10935 | D:9      | Reached XP level 11. HP: 68/75 MP: 16/21
 10942 | D:9      | Found a white marble altar of Elyvilon.
 11269 | D:10     | Entered Level 10 of the Dungeon
 11436 | D:10     | Reached XP level 12. HP: 66/82 MP: 16/22
 11909 | D:10     | Noticed a skeletal warrior
 11945 | D:10     | Killed a skeletal warrior
 12131 | D:10     | Found a staircase to the Lair.
 12410 | D:10     | Identified a scroll of acquirement
 12410 | D:10     | Got a faintly glowing golden ring
 12415 | D:10     | Identified the ring "Xoxijar" {Contam rF+ Int+5} (You acquired it on level 10 of the Dungeon)
 12416 | D:10     | Noticed a skeletal warrior
 12419 | D:10     | Noticed a skeletal warrior
 12755 | D:9      | Reached skill level 11 in Ice Magic
 12755 | D:9      | Reached XP level 13. HP: 20/91 MP: 23/23
 12788 | D:9      | Killed a skeletal warrior
 13176 | D:10     | Killed a skeletal warrior
 13241 | D:10     | Noticed a skeletal warrior
 13257 | D:10     | Mangled by a skeletal warrior

Action                   |  1- 3 |  4- 6 |  7- 9 | 10-12 | 13-15 || total
-------------------------+-------+-------+-------+-------+-------++-------
Melee: Unarmed           |    22 |       |       |       |       ||    22
       Mace              |    46 |   119 |       |       |       ||   165
       Dire flail        |       |       |   327 |   237 |    48 ||   612
       Morningstar       |       |       |    13 |    77 |       ||    90
       Flail             |       |       |       |    91 |       ||    91
       Glaive            |       |       |       |       |     4 ||     4
Throw: Stone             |     2 |       |       |       |       ||     2
 Cast: Freeze            |    10 |     4 |     2 |    16 |     1 ||    33
       Ozocubu's Armour  |     2 |     6 |    22 |    26 |     3 ||    59
       Condensation Shie |       |       |       |     9 |     4 ||    13
Invok: Evolution         |       |       |     3 |     7 |       ||    10
       Sunlight          |       |       |       |     1 |       ||     1
Evoke: Wand              |       |       |     9 |     9 |     1 ||    19
  Use: Potion            |       |     4 |     6 |     9 |     1 ||    20
       Scroll            |       |     7 |     1 |    17 |       ||    25
 Stab: Sleeping          |     1 |     4 |    19 |    10 |       ||    34
       Distracted        |       |     2 |     3 |     2 |       ||     7
  Eat: Chunk             |     3 |     5 |    14 |     8 |       ||    30
       Fruit             |       |       |     1 |       |       ||     1
       Bread ration      |       |       |     1 |     1 |       ||     2
       Meat ration       |       |       |       |     2 |       ||     2
       Beef jerky        |       |       |       |     2 |       ||     2
